AoeStats
← Danaac

Arabia

509373652Analyzed
1v1 RM · 5d ago on Sep 26, 2026· 38m 50s· 2 players
Game mode
Random Map
Map size
Tiny (2 player)
Population
200
Speed
Normal
Resources
Standard
Victory
Conquest
Starting age
Dark Age
Ending age
Imperial Age
RankedLock teamsTeams togetherTeam positionsShared explorationLock speedFull tech treeHidden civsTurbo modeCheats
Victory
Defeat
🇲🇽 Hindustanis · Mexico
1407
+18
🇮🇹 Georgians · Italy
1445
-18
Danaac
8:49 Feudal Age
9:08 Loom
9:36 Double-Bit Axe
9:32 Horse Collar
20:04 Castle Age
18:46 Gold Mining
19:51 Bloodlines
19:51 Scale Barding Armor
20:58 Bow Saw
20:49 Heavy Plow
28:22 Wheelbarrow
27:32 Town Watch
29:15 Fletching
31:02 Hand Cart
34:53 Imperial Age
34:29 Ballistics
34:05 Bodkin Arrow
34:11 Padded Archer Armor
35:09 Thumb Ring
36:38 Chemistry
35:00 Heavy Cavalry Archer
36:08 Husbandry
36:22 Masonry
36:02 Light Cavalry
39:27 Chain Barding Armor
39:17 Forging
39:29 Siege Engineers
ITA | Dante
5:13 Loom
8:08 Feudal Age
9:00 Stone Mining
8:59 Double-Bit Axe
20:35 Castle Age
18:32 Horse Collar
18:45 Gold Mining
19:51 Bloodlines
20:35 Scale Barding Armor
21:09 Stone Mining
22:31 Husbandry
25:10 Forging
25:34 Pikeman
26:17 Scale Mail Armor
28:24 Wheelbarrow
28:06 Bow Saw
34:43 Imperial Age
32:27 Town Watch
33:20 Hand Cart
33:09 Heavy Plow
34:11 Chain Mail Armor
34:46 Iron Casting
34:32 Squires
34:18 Arson
36:13 Plate Mail Armor
35:50 Halberdier
37:41 Chain Barding Armor
38:37 Fletching
38:47 Padded Archer Armor
38:35 Elite Skirmisher
Connection lost

Rejoining the realm…

Still unreachable

The connection could not be restored.

Session expired

The server has moved on; the page needs a fresh start.